 Dungeon Crawl Stone Soup version 0.31.0-11-ge490571c62 (webtiles) character file.

Game seed: 5820196364080242933

60 SnakkuSnakku7 the Magician (level 3, -4/27 HPs)
             Began as a Mummy Alchemist on Jan 26, 2024.
             Incinerated by a bombardier beetle (6 damage)
             ... with a burning spray
             ... on level 3 of the Dungeon on Jan 27, 2024.
             The game lasted 00:02:30 (1521 turns).

SnakkuSnakku7 the Magician (Mummy Alchemist)        Turns: 1521, Time: 00:02:31

Health: -4/27      AC:  4    Str: 13    XL:     3   Next: 82%
Magic:  7/7        EV: 11    Int: 14    God:
Gold:   47         SH:  5    Dex: 12    Spells: 6/7 levels left

rFire   x . .        a - +3 whip
rCold   + . .        (no shield)
rNeg    + + +        m - +0 leather armour
rPois   ∞            (no helmet)
rElec   .            h - +0 cloak
rCorr   +            (no gloves)
SInv    .            (no boots)
Will    .....        j - amulet of reflection
Stlth   +            g - ring of resist corrosion
HPRegen 0.24/turn    (no ring)
MPRegen 0.10/turn

%: reflection, faith
@: on fire, glowing
A: cold resistance 1, negative energy resistance 3, torment resistance 2, heat
vulnerability 1, in touch with death 1, no potions, faith
a: no special abilities


You were on level 3 of the Dungeon.
You visited 1 branch of the dungeon, and saw 3 of its levels.

You collected 47 gold pieces.

Inventory:

Hand Weapons
 a - a +3 whip (weapon)
 b - a +0 dagger
 f - a +1 whip of pain
Armour
 c - a +0 robe
 h - a +0 cloak (worn)
 m - a +0 leather armour (worn)
Jewellery
 g - a ring of resist corrosion (left hand)
 j - an amulet of reflection (around neck)
Scrolls
 d - a scroll of teleportation {unknown}
 e - a scroll of amnesia {unknown}
 i - a scroll of fear {unknown}
 k - a scroll of identify {unknown}
 l - a scroll of poison {unknown}


   Skills:
 - Level 2.0 Fighting
 + Level 2.2 Maces & Flails
 - Level 1.5 Dodging
 - Level 1.5 Stealth
 - Level 2.6 Spellcasting
 - Level 0.7 Conjurations
 - Level 2.4 Alchemy


You had 6 spell levels left.
You knew the following spells:

 Your Spells              Type           Power      Damage    Failure   Level
a - Sting                 Conj/Alch      24%        1d4       16%         1

Your spell library contained the following spells:

 Spells                   Type           Power      Damage    Failure   Level
 Magic Dart               Conj           12%        1d3       22%         1
 Mercury Vapours          Alch/Air       10%        N/A       26%         2
 Slow                     Hex            4%         N/A       28%         1
 Searing Ray              Conj           6%         2d4       32%         2
 Blink                    Tloc           2%         N/A       38%         2
 Call Imp                 Summ           2%         N/A       38%         2
 Mephitic Cloud           Conj/Alch/Air  4%         N/A       50%         3
 Confusing Touch          Hex            1%         N/A       63%         3
 Sigil of Binding         Hex            1%         N/A       63%         3
 Vampiric Draining        Necr           2%         2d6       63%         3
 Olgreb's Toxic Radiance  Alch           8%         N/A       71%         4
 Fulminant Prism          Conj/Alch      3%         3d5       83%         4
 Sticky Flame             Fire/Alch      5%         2d4       86%         4


Dungeon Overview and Level Annotations

Branches:
Dungeon (3/15)

Altars:
Vehumet


Innate Abilities, Weirdness & Mutations

You are immune to poison.
Your flesh is cold resistant. (rC+)
You are immune to negative energy. (rN+++)
You are immune to unholy pain and torment.
You are vulnerable to heat. (rF-)
You are in touch with the powers of death.
You do not drink.
You have a special connection with the divine. (Faith)


Message History

The bombardier beetle bites you but does no damage.
There is a stone staircase leading up here.
You climb upwards.
There is a stone staircase leading down here.
You start resting.
HP restored.
You climb downwards.
There is a stone staircase leading up here.
The bombardier beetle bites you but does no damage.
You hit the bombardier beetle but do no damage.
You hit the bombardier beetle.
The bombardier beetle is lightly wounded.
The bombardier beetle barely misses you.
You hit the bombardier beetle.
The bombardier beetle is moderately wounded.
The bombardier beetle sprays incendiary fluid at you.
The burning spray hits you.
You are covered in liquid fire!
You hit the bombardier beetle.
The bombardier beetle is moderately wounded.
The liquid fire burns you!
You hit the bombardier beetle.
The bombardier beetle is severely wounded.
The liquid fire burns you! The bombardier beetle bites you.
You hit the bombardier beetle.
The bombardier beetle is severely wounded.
The liquid fire burns you!
* * * LOW HITPOINT WARNING * * *
You are too injured to fight recklessly!
You are too injured to fight recklessly!
You shake off some of the fire as you move.
The liquid fire burns you!
* * * LOW HITPOINT WARNING * * *
The bombardier beetle sprays incendiary fluid at you.
The burning spray hits you.
You are even more covered in liquid fire!
There is a stone staircase leading up here.
The liquid fire burns you!
You die...

....# #.#.# #...# ..?#
#..# #..###
######....#
#.##....#B...#######
#......@...........###
####.#####.#.#####...#
#.#.....#.#.#
#.#...#.#.#.#
#.#.....#.#.###
#.#............
..#.......##.##
....########..# #####
######.#


You could see a bombardier beetle.

Vanquished Creatures
  An adder (D:2)
  A ribbon worm (D:3)
  3 dart slugs
  4 ball pythons (D:1)
  3 endoplasms
  3 giant cockroaches
  2 goblins (D:1)
  3 hobgoblins (D:1)
  3 jackals (D:3)
  3 quokkas (D:1)
  3 bats
  3 frilled lizards (D:1)
  5 kobolds (D:1)
  4 rats
41 creatures vanquished.

Notes
Turn   | Place    | Note
-------+----------+-------------------------------------------
     0 | D:1      | SnakkuSnakku7 the Mummy Alchemist began the quest for the
                  | Orb.
     0 | D:1      | Reached XP level 1. HP: 13/13 MP: 4/4
    36 | D:1      | Reached skill level 1 in Fighting
   112 | D:1      | Reached XP level 2. HP: 18/22 MP: 3/5
   234 | D:1      | HP: 1/22 [hobgoblin (4)]
   302 | D:1      | Reached skill level 1 in Maces & Flails
   478 | D:1      | Reached XP level 3. HP: 27/27 MP: 7/7
   651 | D:1      | Found a faded altar of an unknown god.
  1336 | D:3      | Found a radiant altar of Vehumet.
  1521 | D:3      | Incinerated by a bombardier beetle

Illustrated notes

Levels and vault maps discovered:
D:1:      roderic_chinese_lattice_arrival, layout_rooms,
          dreamdust_ecumenical_altar_hidden_monk_grotto,
          minmay_indecisive_spiral
D:2:      layout_loops_ring
D:3:      layout_basic, marbit_many_paths, mainiacjoe_overflow_alcove_1,
          mainiacjoe_overflow_paths, mainiacjoe_overflow_catch_the_wave,
          minmay_misc_feat_rugged

Skill      XL: |  1  2  3 |
---------------+----------+-----
Fighting       | 1 2 |  2.0
Maces & Flails | 1 2 |  2.2
Dodging        | |  1.5
Stealth        | |  1.5
Spellcasting   | |  2.6
Conjurations   | |  0.7
Alchemy        | |  2.4

Action                     || total
---------------------------++-------
  Melee: Dagger            ||    15
         Unarmed           ||     6
         Punch             ||     1
         Whip              ||    93
   Cast: Sting             ||     9
   Stab: Sleeping          ||     2
 Armour: Robe              ||    55
         Leather armour    ||     8
  Dodge: Dodged            ||    53
  Block: Other             ||     6
